 Dungeon Crawl Stone Soup version 0.31-a0-667-g39726597b9 (webtiles) character file.

Game seed: 15425087903483178215

79 Essalna the Conjurer (level 4, 33/33 HPs)
             Began as a Demonspawn Conjurer on Sept 4, 2023.
             Got out of the dungeon alive.
             The game lasted 00:03:32 (2774 turns).

Essalna the Conjurer (Demonspawn Conjurer)          Turns: 2774, Time: 00:03:33

Health: 33/33      AC:  6    Str:  7    XL:     4   Next: 16%
Magic:  8/8        EV: 12    Int: 21    God:
Gold:   247        SH:  4    Dex: 12    Spells: 7/8 levels left

rFire   . . .        f - +0 mace
rCold   . . .        (no shield)
rNeg    . . .        a - +0 robe
rPois   .            (no helmet)
rElec   .            l - +2 cloak
rCorr   .            k - +0 pair of gloves
SInv    .            (no boots)
Will    .....        (no amulet)
Stlth   ++           (no ring)
HPRegen 0.25/turn    (no ring)
MPRegen 0.11/turn

%: no passive effects
@: no status effects
A: condensation shield, weakness stinger 1
a: no special abilities


You escaped.
You visited 1 branch of the dungeon, and saw 3 of its levels.

You collected 247 gold pieces.

Inventory:

Hand Weapons
 f - a +0 mace (weapon)
Armour
 a - a +0 robe (worn)
 k - a +0 pair of gloves (worn)
 l - a +2 cloak (worn)
Scrolls
 d - 5 scrolls of identify {unknown}
 g - 2 scrolls of noise {unknown}
 h - a scroll of fog {unknown}
 j - a scroll of enchant weapon {unknown}
 m - a scroll of amnesia {unknown}
 n - a scroll of vulnerability {unknown}
Potions
 b - a potion of magic
 c - a potion of might {unknown}
 e - 5 potions of curing {unknown}
 i - a potion of invisibility {unknown}


   Skills:
 + Level 2.1 Fighting
 - Level 1.7 Dodging
 - Level 1.7 Stealth
 + Level 2.8 Spellcasting
 + Level 4.6 Conjurations


You had 7 spell levels left.
You knew the following spells:

 Your Spells              Type           Power      Damage    Failure   Level
a - Magic Dart            Conj           88%        1d7       1%          1

Your spell library contained the following spells:

 Spells                   Type           Power      Damage    Failure   Level
 Searing Ray              Conj           44%        2d6       3%          2
 Dazzling Flash           Conj/Hex       24%        N/A       16%         3
 Fulminant Prism          Conj/Hex       6%         3d7       45%         4
 Iskenderun's Mystic Bla  Conj/Tloc      12%        2d5       45%         4


Dungeon Overview and Level Annotations

Branches:
Dungeon (3/15)

Altars:

Shops:
D:1 ::=[

Annotations:
D:2 Terence


Innate Abilities, Weirdness & Mutations

A meltable shield of frost defends you. (SH +4)
You have a small tail.


Message History

You closely miss the jackal. The jackal closely misses you.
A shadow imp comes into view.
The jackal closely misses you.
You closely miss the jackal. You tail-slap the jackal.
The jackal is almost dead.
The jackal bites you. The jackal closely misses you.
You hit the jackal.
You kill the jackal!
The shadow imp gestures at you.
You barely resist.
Found a stone staircase leading down.
The shadow imp hits you.
You closely miss the shadow imp.
Your tail-slap misses the shadow imp.
The shadow imp hits you.
You closely miss the shadow imp. You block the shadow imp's attack.
You closely miss the shadow imp.
Your tail-slap misses the shadow imp.
The shadow imp closely misses you. The shadow imp barely misses you.
You sock the shadow imp!
The shadow imp is heavily wounded.
The shadow imp barely misses you.
You sock the shadow imp!
You kill the shadow imp!
No target in view!
No target in view!
No target in view!
No target in view!
No target in view!
No target in view!
You see here a jackal corpse.
You see here a jackal corpse.
There is an open door here.
You see here 6 stones.
There is a stone staircase leading up here.
You climb upwards.
Level annotation: Terence
There is a stone staircase leading down here.
There is an escape hatch in the ceiling here.
A mysterious force pulls you upwards. The hatch slams shut behind you.
You see here 5 stones.
There is a staircase leading out of the dungeon here.
You have escaped!

##...(..............##
#.............#####.##
#..###.....##.# #.## #..#
#........# #... ######..#
##.#.###.# #.## #.......####.#.#
#.#####.## #.####.......#.#
#.......# #.#
####♣♣♣♣♣♣♣♣♣###.##.# #.#
♣@.....[♣###.##.## #.#
##♣.PPPPP.♣........# #.#
##...P~~~P.♣.##......
#######.#####..♣.P~8≈P.♣.####..##
.......^.......♣.P≈~≈P.♣.........
######..#######♣.PPPPP.♣.####....
#..###### ♣.......♣.# #.###
######.......# ♣♣♣♣♣♣♣♣♣.####.#
#.......####.# #.............#


There were no monsters in sight!

Vanquished Creatures
  An adder (D:3)
  A shadow imp (D:3)
  A dart slug (D:1)
  4 endoplasms
  4 giant cockroaches
  6 goblins
  2 hobgoblins (D:1)
  9 jackals
  A quokka (D:2)
  12 ball pythons
  6 bats
  A frilled lizard (D:1)
  6 kobolds
  5 rats
59 creatures vanquished.

Notes
Turn   | Place    | Note
-------+----------+-------------------------------------------
     0 | D:1      | Essalna the Demonspawn Conjurer began the quest for the
                  | Orb.
     0 | D:1      | Reached XP level 1. HP: 13/13 MP: 3/3
   235 | D:1      | Found Nenuuferu's Jewellery Shop.
   238 | D:1      | Found Homaics's Antique Armour Emporium.
   245 | D:1      | Gained mutation: A meltable shield of frost defends you.
                  | (SH +4) [demonic ancestry]
   245 | D:1      | Reached XP level 2. HP: 20/20 MP: 0/5
   410 | D:1      | Reached skill level 1 in Fighting
   580 | D:1      | Found a transporter.
   798 | D:1      | Found a transporter.
   800 | D:1      | Found Foargh's Book Shoppe.
   874 | D:1      | Found Zyzxohocs's Book Shop.
   992 | D:1      | Reached XP level 3. HP: 26/26 MP: 3/6
  1930 | D:2      | Noticed Terence
  2635 | D:3      | Gained mutation: You have a small tail. [demonic ancestry]
  2635 | D:3      | Reached XP level 4. HP: 32/33 MP: 8/8
  2774 | D:$      | Got out of the dungeon alive.

Illustrated notes

Levels and vault maps discovered:
D:1:      tarquinn_simple_flora_water_a, layout_loops_ring, serial_shops, shop,
          nicolae_shop_tiny_real_fake_doors, nicolae_shop_drivethru,
          nicolae_shop_tiny_statue_garden
D:2:      layout_loops_cross, nicolae_figureground_sparkle, uniq_terence
D:3:      layout_basic, grunt_temple_overflow_octagram, serial_corexii_hall,
          chequers_hall_statues_y, corexii_hall_statues_s

Skill      XL: |  1  2  3 |
---------------+----------+-----
Fighting       | 1 2 |  2.1
Dodging        | |  1.7
Stealth        | |  1.7
Spellcasting   | |  2.8
Conjurations   | |  4.6

Action                     |  1- 3 |  4- 6 || total
---------------------------+-------+-------++-------
  Melee: Mace              |    29 |    13 ||    42
         Punch             |     2 |       ||     2
         Tailslap          |       |     1 ||     1
   Cast: Magic Dart        |    90 |       ||    90
 Armour: Robe              |    24 |     6 ||    30
  Dodge: Dodged            |    21 |     8 ||    29
  Block: Other             |     3 |     3 ||     6

Table legend: (Time is in decaauts)
 A = Elapsed time spent in this place.
 B = Non-inter-level travel time spent in this place.
 C = Inter-level travel time spent in this place.
 D = Time resting spent in this place.
 E = Time spent auto-exploring this place.
 F = Levels seen in this place.
 G = Mean time per level.
                   A        B        C        D        E       F      G
               +--------+--------+--------+--------+--------+-----+--------+
         Total |   2790 |   2606 |    184 |      0 |   2287 |   3 |  930.0 |
       Dungeon |   2790 |   2606 |    184 |      0 |   2287 |   3 |  930.0 |
               +--------+--------+--------+--------+--------+-----+--------+

Top non-repeatable levels by time:
     D:1: 1201 daAuts
     D:2: 809 daAuts
     D:3: 779 daAuts
